AoeStats
← Rodrigo Lao Tse

Arabia

509140490Analyzed
1v1 RM · 7d ago on Sep 25, 2026· 32m 5s· 2 players
Game mode
Random Map
Map size
Tiny (2 player)
Population
200
Speed
Normal
Resources
Standard
Victory
Conquest
Starting age
Dark Age
Ending age
Imperial Age
RankedLock teamsTeams togetherTeam positionsShared explorationLock speedFull tech treeHidden civsTurbo modeCheats
Victory
Defeat
🇩🇪 Bulgarians · Germany
909
+16
🇨🇱 Maya · Chile
908
-16
Rodrigo Lao Tse
0:27 Loom
9:31 Feudal Age
4C_jhausb
10:38 Feudal Age
12:33 Double-Bit Axe
16:26 Arson
17:36 Horse Collar
18:05 Loom
21:07 Forging
26:05 Castle Age
24:17 Scale Barding Armor
24:26 Bloodlines
26:33 Wheelbarrow
27:15 Light Cavalry
30:03 Chain Barding Armor
Connection lost

Rejoining the realm…

Still unreachable

The connection could not be restored.

Session expired

The server has moved on; the page needs a fresh start.